Map: Catalyst LE

Players

MaSa - Winner!

  • Race: Terran Terran
  • Spawn Location: 5:00

lucifron

  • Race: Terran Terran
  • Spawn Location: 11:00

Event: WCS Valencia 2018

VOD

Have the link to the VOD?

Description

Time

  • Played on: July 12, 2018, 8:24 a.m.
  • Length: 13:47

All games in this series

Show
View Real Time Build Order
Export as new Build Order

MaSa Terran - Winner!

Build Orders: Cyclone Opening, MMM Bio, Cyclone Timing 

Get SALT Encoding   

  12  0:00  SCV  
  13  0:12  SCV  
  14  0:17  Supply Depot  
  14  0:24  SCV  
  14  0:27  Refinery  
  15  0:38  SCV  
  16  0:44  Barracks  
  16  0:51  SCV  
  17  0:57  Refinery  
  17  1:03  SCV  
  18  1:15  SCV  
  19  1:31  Factory  
  19  1:33  Reaper  
  19  1:39  Orbital Command  
  20  1:49  Supply Depot  
  20  2:05  SCV  
  20  2:06  Reaper  
  22  2:15  Cyclone  
  25  2:17  SCV  
  26  2:35  Command Center  
  26  2:37  SCV  
  27  2:47  Starport  
  27  2:50  SCV  
  28  2:57  Supply Depot, Barracks Reactor  
  28  3:03  SCV  
  29  3:18  Cyclone  
  29  3:19  SCV  
  32  3:30  Medivac  
  32  3:33  Marine x2  
  36  3:34  Bunker  
  36  3:37  SCV  
  37  3:48  Orbital Command  
  37  3:51  Marine x2  
  37  3:52  SCV  
  40  3:58  Cyclone  
  43  4:04  SCV  
  43  4:08  Starport Tech Lab  
  44  4:10  Marine  
  44  4:11  Supply Depot  
  44  4:12  Marine  
  44  4:15  SCV  
  47  4:21  SCV  
  48  4:27  SCV  
  48  4:28  Supply Depot, Marine  
  48  4:29  Marine  
  51  4:34  Raven  
  52  4:39  SCV  
  52  4:42  SCV  
  54  4:46  Marine, Engineering Bay  
  54  4:51  SCV  
  56  4:54  SCV  
  56  4:56  Supply Depot, Factory Tech Lab  
  57  5:03  SCV  
  57  5:06  SCV  
  59  5:12  Command Center  
  59  5:15  SCV  
  59  5:16  Missile Turret  
  59  5:18  SCV  
  59  5:19  Siege Tank  
  64  5:27  SCV  
  64  5:30  SCV, Marine  
  64  5:31  Viking  
  68  5:36  Viking  
  68  5:39  SCV  
  71  5:44  SCV  
  73  5:52  Supply Depot, SCV  
  73  5:54  Siege Tank, Refinery  
  73  5:56  SCV  
  78  6:04  SCV  
  78  6:09  Refinery  
  78  6:10  Barracks Tech Lab  
  78  6:14  SCV  
  78  6:16  Supply Depot  
  79  6:22  SCV, Barracks x2  
  78  6:26  SCV  
  78  6:27  Liberator  
  78  6:29  Marine  
  78  6:30  Stimpack  
  79  6:34  SCV  
  79  6:38  SCV  
  77  6:41  SCV  
  77  6:46  Liberator, SCV  
  81  6:47  Marine  
  81  6:54  Orbital Command  
  82  6:55  SCV  
  82  6:58  SCV  
  84  7:07  SCV  
  88  7:10  SCV, Marine  
  88  7:13  Liberator  
  88  7:14  Barracks  
  89  7:17  Barracks  
  89  7:18  Siege Tank  
  93  7:22  SCV  
  93  7:23  SCV  
  94  7:31  Liberator  
  94  7:34  SCV  
  94  7:35  Barracks Reactor, SCV  
  99  7:47  SCV x2  
  104  7:59  SCV x2  
  104  8:01  Marine  
  109  8:07  Barracks Reactor x2  
  109  8:08  Barracks Reactor  
  109  8:10  Liberator  
  109  8:11  SCV x2, Orbital Command  
  109  8:22  Marine x2  
  109  8:23  SCV  
  109  8:26  Terran Infantry Armor Level 1  
  109  8:29  Engineering Bay  
  109  8:35  Combat Shields  
  109  8:39  Refinery  
  109  8:41  Supply Depot, Refinery  
  109  8:42  Supply Depot  
  109  8:43  Supply Depot  
  109  8:49  Armory  
  109  8:50  SCV, Marine x2  
  109  8:51  SCV x2, Marine  
  109  9:03  SCV x3, Marine x4  
  116  9:10  Marine x4  
  116  9:14  Marine  
  116  9:15  SCV x3  
  124  9:19  Medivac x2  
  124  9:20  Marine x2  
  120  9:27  SCV  
  120  9:30  Marine x4  
  120  9:31  Liberator, SCV  
  122  9:32  SCV  
  122  9:34  Liberator  
  122  9:36  Supply Depot  
  122  9:37  Supply Depot  
  120  9:39  Marine x2  
  120  9:40  Terran Infantry Weapons Level 1  
  120  9:42  Terran Vehicle Weapons Level 1  
  120  9:45  Siege Tank, Marine  
  124  9:52  Marine  
  131  9:53  Marine  
  131  9:55  Marine  
  131  9:58  Marine  
  132  10:00  Supply Depot, Marine  
  133  10:14  Marine x3  
  133  10:17  Command Center, Marine  
  133  10:18  Marine x3  
  134  10:21  Terran Infantry Armor Level 2  
  134  10:22  Marine  
  134  10:23  Marine, Siege Tank  
  133  10:31  Medivac  
  133  10:32  Marine x3  
  133  10:34  Medivac  
  133  10:35  Marine  
  136  10:39  Marine x3  
  136  10:42  Marine x2  
  139  10:49  Supply Depot  
  139  10:50  Marine x2  
  139  10:51  Marine  
  139  10:53  Marine  
  139  10:54  Sensor Tower  
  139  10:56  Sensor Tower  
  143  10:57  Marine x3  
  143  11:00  Marine  
  143  11:01  Medivac  
  143  11:02  Starport  
  153  11:04  Medivac, Siege Tank  
  153  11:09  Factory  
  154  11:13  Marine x4  
  154  11:15  Marine  
  154  11:18  Barracks Reactor  
  158  11:21  Marine  
  158  11:22  Marine x2  
  161  11:31  Marine x4  
  156  11:33  Marine  
  156  11:35  Medivac x2  
  156  11:36  Siege Tank  
  156  11:39  Marine x2  
  162  11:40  Marine  
  164  11:48  Marine  
  164  11:49  Marine x3  
  164  11:51  Marine  
  162  11:55  Marine x2  
  162  11:57  Marine  
  162  11:58  Marine x2  
  165  12:05  Medivac x2  
  165  12:06  Marine x2  
  165  12:08  Siege Tank  
  155  12:27  Marine x4  
  155  12:28  Marine x3  
  154  12:31  Marine x3  
  154  12:33  Planetary Fortress  
  154  12:35  Starport Tech Lab  
  157  12:40  Siege Tank  
  154  12:45  Marine x2  
  149  12:53  Marine x7  
  149  12:56  Marine  
  149  12:57  Supply Depot, Missile Turret  
  149  12:58  Supply Depot  
  157  12:59  Command Center  
  157  13:02  Marine x2  
  159  13:10  Marine  
  159  13:11  Marine x5  
  159  13:12  Siege Tank  
  168  13:13  Marine x2  
  168  13:14  Command Center  
  168  13:17  Refinery  
  168  13:19  SCV x2, Refinery  
  173  13:20  SCV, Marine  
  173  13:21  Supply Depot, Marine  
  173  13:24  Supply Depot  
  182  13:28  Marine  
Show
View Real Time Build Order
Export as new Build Order

lucifron Terran 

Build Orders: Cyclone Opening, Bio Tank 

Get SALT Encoding   

  12  0:00  SCV  
  13  0:12  SCV  
  14  0:17  Supply Depot  
  14  0:24  SCV  
  14  0:27  Refinery  
  15  0:38  SCV  
  16  0:44  Barracks  
  16  0:51  SCV  
  17  1:00  Refinery  
  17  1:03  SCV  
  18  1:15  SCV  
  19  1:30  Orbital Command  
  19  1:31  Reaper  
  20  1:37  Factory  
  20  1:44  Supply Depot  
  20  1:56  SCV  
  21  2:03  Reaper  
  21  2:08  SCV  
  23  2:20  Cyclone, SCV  
  27  2:29  Command Center  
  27  2:32  SCV  
  28  2:38  Supply Depot  
  28  2:44  SCV  
  28  2:48  Starport  
  29  2:56  SCV  
  29  2:57  Barracks Reactor  
  30  3:04  Factory Tech Lab  
  30  3:08  SCV  
  31  3:21  SCV  
  32  3:31  Cloaking Field  
  32  3:33  SCV  
  33  3:35  Banshee  
  33  3:39  Marine x2  
  33  3:40  Factory Tech Lab  
  33  3:41  Orbital Command  
  38  3:45  SCV  
  39  3:52  Supply Depot  
  39  3:57  SCV, Marine x2  
  42  4:03  Siege Tank  
  42  4:07  SCV  
  42  4:09  SCV  
  47  4:10  Supply Depot  
  47  4:15  Marine x2  
  49  4:20  SCV  
  49  4:21  SCV, Banshee  
  54  4:32  SCV, Marine x2  
  54  4:33  SCV  
  56  4:44  SCV  
  54  4:45  SCV  
  54  4:48  Siege Tank  
  56  4:58  Marine x2  
  56  4:59  SCV  
  60  5:00  SCV  
  60  5:02  Command Center  
  60  5:07  Banshee  
  60  5:11  SCV  
  60  5:12  SCV, Barracks  
  65  5:20  Refinery  
  65  5:21  Refinery  
  65  5:24  SCV x2  
  67  5:29  Marine  
  67  5:30  Marine  
  67  5:32  Siege Tank  
  67  5:35  Barracks  
  69  5:36  SCV  
  69  5:37  Supply Depot  
  69  5:40  Supply Depot  
  70  5:56  Starport Reactor  
  70  5:58  SCV x2, Marine x2  
  70  6:00  Supply Depot  
  70  6:02  Barracks Tech Lab  
  74  6:07  Engineering Bay  
  74  6:08  Siege Tank, Engineering Bay  
  74  6:10  SCV x2  
  79  6:14  Orbital Command  
  79  6:17  Marine x2  
  81  6:22  SCV x2  
  83  6:27  Stimpack, Barracks Reactor  
  80  6:34  SCV x2  
  82  6:40  Siege Tank  
  82  6:43  Medivac  
  82  6:45  SCV  
  82  6:47  SCV x2  
  90  6:51  Marine  
  90  6:52  Marine x2  
  90  6:53  Terran Infantry Armor Level 1, Terran Infantry Weapons Level 1  
  90  6:54  Barracks  
  90  6:55  Supply Depot, Barracks  
  90  6:57  SCV  
  90  6:59  SCV x2  
  93  7:04  Medivac, Refinery  
  93  7:06  Marine x2  
  96  7:09  SCV, Marine x2  
  96  7:10  Supply Depot x2  
  96  7:11  SCV x2  
  98  7:17  Medivac  
  98  7:19  Marine  
  98  7:21  SCV  
  102  7:23  SCV x2  
  102  7:24  Marine x2, Siege Tank  
  102  7:27  Marine  
  110  7:39  Marine x2  
  110  7:41  Medivac  
  110  7:42  Marine x2  
  116  7:44  Barracks Reactor  
  116  7:46  Refinery  
  116  7:47  Medivac  
  118  7:54  Marine x2  
  118  7:57  SCV x3, Marine x2  
  123  8:00  Marine x2  
  110  8:11  Marine  
  110  8:12  Marine  
  109  8:15  Marine x2  
  109  8:17  Marine  
  109  8:18  Marine  
  103  8:25  Marine x2  
  99  8:29  Marine  
  99  8:30  SCV  
  99  8:31  SCV x2  
  99  8:32  Factory  
  99  8:33  Factory, Marine  
  99  8:34  Combat Shields  
  105  8:35  Marine  
  104  8:43  SCV, Command Center, Marine x3  
  104  8:47  Marine  
  106  8:50  Marine  
  106  8:53  Marine  
  98  8:57  Barracks x2  
  98  9:00  Marine  
  98  9:01  Marine x2  
  98  9:02  Factory  
  101  9:05  Marine  
  101  9:07  SCV x3  
  101  9:08  Marine  
  104  9:11  Marine  
  103  9:18  Liberator x2, Marine x2  
  103  9:19  SCV x2, Marine  
  92  9:29  Marine x3  
  84  9:31  SCV x3  
  84  9:34  Factory Tech Lab x2  
  84  9:36  Marine x3  
  94  9:43  SCV x3  
  95  9:46  Armory, Marine  
  95  9:49  Engineering Bay  
  95  9:53  Marine x4  
  95  9:55  SCV x3  
  102  10:05  Siege Tank x2  
  108  10:07  SCV x2  
  108  10:08  Marine  
  108  10:09  Marine  
  108  10:13  Marine x2  
  110  10:17  Marine  
  110  10:18  Medivac x2, Marine  
  111  10:23  Marine x2  
  111  10:26  Marine x2  
  114  10:31  Marine x2  
  114  10:33  SCV x2  
  114  10:34  Terran Infantry Weapons Level 2, Terran Infantry Armor Level 2  
  117  10:35  Marine  
  117  10:39  Supply Depot x2  
  118  10:48  Medivac x2, Siege Tank  
  125  10:51  Supply Depot  
  125  10:52  Supply Depot  
  125  10:53  Siege Tank  
  128  11:00  Supply Depot x2  
  128  11:13  Command Center  
  128  11:18  Medivac x2  
  131  11:19  Marine  
  131  11:20  Marine x2, Siege Tank  
  131  11:25  Siege Tank  
  137  11:26  Marine x4  
  137  11:27  Marine  
  139  11:37  Marine x2  
  140  11:47  Marine x2  
  140  11:48  Medivac, Marine  
  140  11:52  Marine x2, Siege Tank  
  147  11:54  Marine  
  147  11:55  Marine  
  147  11:57  Siege Tank  
  141  12:10  Medivac, Marine x4  
  141  12:11  Marine  
  133  12:18  Marine x2  
  133  12:19  Marine  
  125  12:25  Siege Tank  
  125  12:28  Marine x5  
  125  12:29  Siege Tank  
  125  12:36  Marine x2  
  125  12:37  Marine  
  109  12:46  Marine x5  
  110  12:51  SCV  
  110  12:52  SCV x2  
  110  12:53  Marine  
  110  12:54  Marine  
  110  12:55  Marine  
  110  12:57  Siege Tank  
  119  13:03  Marine  
  119  13:04  Marine x3  
  122  13:05  Marine  
  122  13:11  Marine x2  
  125  13:13  Marine  
  129  13:21  Marine x2  
  129  13:22  Marine x2  
  129  13:23  Marine  
  133  13:29  Command Center  
Tags
 
Add a new tag
Caveats
  • Supply blocks, unpowered buildings, or Contaminate may cause inaccurate times.
  • Supply counts are checked every 10 seconds.